AoeStats
← 恆浪蕩

Arena

508464166Analyzed
4v4 RM · 9d ago on Sep 22, 2026· 79m 37s· 8 players
Game mode
Random Map
Map size
Large (8 player)
Population
200
Speed
Normal
Resources
Standard
Victory
Conquest
Starting age
Dark Age
Ending age
Imperial Age
RankedLock teamsTeams togetherTeam positionsShared explorationLock speedFull tech treeHidden civsTurbo modeCheats
Victory
Defeat
🇹🇼 Random · Taiwan
1702
+9
🇦🇷 Random · Argentina
1652
+11
🇹🇼 Chinese · Taiwan
1608
+12
🇭🇰 Shu · Hong Kong SAR China
1570
+14
🇬🇧 Random · United Kingdom
1609
-14
🇮🇳 Random · India
1547
-12
🇮🇳 Vikings · India
1488
-10
🇮🇳 Hindustanis · India
1481
-10
默默默默默
9:15 Feudal Age
12:50 Castle Age
11:25 Double-Bit Axe
15:02 Wheelbarrow
15:26 Bow Saw
15:12 Loom
24:03 Horse Collar
34:48 Heavy Plow
36:04 Hand Cart
40:36 Treadmill Crane
43:28 Imperial Age
41:24 Fortified Wall
41:29 Masonry
41:32 Fortified Wall
41:24 Scale Mail Armor
41:35 Forging
41:27 Man-at-Arms
41:29 Pikeman
42:09 Squires
42:49 Chain Mail Armor
43:38 Iron Casting
43:17 Man-at-Arms
43:43 Gambesons
43:48 Elite Varangian Guard
44:54 Gold Mining
45:14 Long Swordsman
46:34 Plate Mail Armor
46:00 Halberdier
46:06 Capped Ram
46:59 Siege Ram
48:14 Architecture
48:31 Fletching
49:43 Blast Furnace
48:52 Murder Holes
49:19 Ballistics
49:59 Chemistry
48:50 Fletching
50:18 Arson
52:06 Bodkin Arrow
52:15 Stone Mining
52:49 Conscription
53:14 Bracer
53:14 Padded Archer Armor
55:04 Leather Archer Armor
55:51 Caravan
57:56 Scale Barding Armor
59:00 Ring Archer Armor
57:52 Elite Skirmisher
59:27 Chain Barding Armor
58:30 Light Cavalry
59:20 Bloodlines
59:10 Husbandry
61:24 Crop Rotation
60:24 Hussar
66:01 Coinage
66:32 Plate Barding Armor
68:38 Two-Man Saw
67:20 Gothikon
69:51 Town Watch
71:33 Banking
70:52 Vendel Legacy
73:13 Cavalier
Kevin10_7414
11:15 Feudal Age
12:25 Double-Bit Axe
12:21 Horse Collar
14:57 Castle Age
16:08 Bow Saw
16:04 Heavy Plow
21:27 Wheelbarrow
22:26 Town Watch
23:10 Squires
23:05 Loom
23:41 Scale Mail Armor
25:42 Chain Mail Armor
25:17 Fletching
25:51 Forging
25:46 Gold Mining
26:04 Gambesons
26:05 Arson
28:09 Iron Casting
31:04 Imperial Age
29:33 Treadmill Crane
30:47 Gold Shaft Mining
31:07 Elite Varangian Guard
32:18 Plate Mail Armor
32:11 Conscription
31:27 Capped Ram
32:40 Hand Cart
37:23 Elite Skirmisher
37:55 Fletching
38:06 Padded Archer Armor
39:08 Chemistry
37:42 Siege Ram
40:05 Guilds
44:50 Shield Wall
44:56 Pikeman
53:37 Conscription
54:02 Caravan
57:17 Halberdier
58:17 Bodkin Arrow
58:45 Ballistics
58:35 Masonry
61:20 Siege Engineers
61:45 Architecture
61:35 Fortified Wall
64:23 Two-Man Saw
63:53 Crop Rotation
64:18 Bracer
66:00 Coinage
68:30 Coinage
70:09 Banking
71:42 Town Patrol
75:30 Leather Archer Armor
79:18 Hoardings
Sean
10:16 Feudal Age
11:41 Loom
14:57 Castle Age
12:48 Double-Bit Axe
12:59 Horse Collar
15:52 Bow Saw
15:43 Heavy Plow
21:44 Wheelbarrow
21:14 Gold Mining
26:48 Imperial Age
25:54 Fletching
26:41 Bodkin Arrow
26:47 Padded Archer Armor
26:45 Crossbowman
27:54 Bracer
29:04 Chemistry
28:24 Ballistics
28:13 Arbalester
29:57 Thumb Ring
30:08 Leather Archer Armor
30:45 Conscription
31:38 Bolt Magazine
34:25 Ring Archer Armor
34:03 Siege Engineers
34:08 Masonry
33:39 Treadmill Crane
35:58 Coinage
36:31 Architecture
35:57 Murder Holes
38:00 Scale Mail Armor
38:04 Squires
37:50 Arson
39:12 Chain Mail Armor
39:08 Forging
42:08 Hand Cart
42:30 Gold Shaft Mining
41:45 Stone Mining
41:57 Elite White Feather Guard
44:57 Banking
44:22 Pikeman
45:07 Halberdier
46:18 Plate Mail Armor
45:51 Coiled Serpent Array
49:50 Caravan
51:16 Elite Skirmisher
53:35 Town Watch
59:21 Caravan
76:56 Capped Ram
78:19 Siege Ram
79:14 Siege Ram
恆浪蕩
0:27 Loom
10:55 Feudal Age
14:33 Castle Age
12:35 Double-Bit Axe
13:05 Horse Collar
15:47 Bow Saw
16:00 Heavy Plow
21:20 Wheelbarrow
21:20 Gold Mining
23:35 Hand Cart
28:20 Imperial Age
25:38 Town Watch
27:05 Gold Shaft Mining
26:24 Stone Mining
26:27 Fletching
27:11 Thumb Ring
27:49 Ballistics
27:27 Bodkin Arrow
27:43 Fortified Wall
28:23 Elite Chu Ko Nu
29:53 Conscription
29:37 Bracer
32:11 Padded Archer Armor
33:12 Chemistry
32:33 Heavy Rocket Cart
33:48 Masonry
34:04 Rocketry
33:45 Great Wall
34:22 Leather Archer Armor
35:42 Coinage
36:07 Ring Archer Armor
36:14 Architecture
35:40 Murder Holes
38:39 Elite Fire Lancer
39:44 Scale Mail Armor
39:54 Forging
41:50 Squires
42:06 Chain Mail Armor
44:52 Plate Mail Armor
44:58 Iron Casting
45:04 Pikeman
45:53 Halberdier
51:57 Blast Furnace
55:07 Caravan
55:07 Heavy Scorpion
56:19 Scale Barding Armor
61:21 Arson
67:42 Two-Man Saw
69:36 Bombard Tower
70:56 Banking
70:41 Crossbowman
70:41 Elite Skirmisher
72:38 Chain Barding Armor
73:49 Town Patrol
75:03 Man-at-Arms
75:43 Long Swordsman
76:48 Two-Handed Swordsman
78:12 Champion
78:33 Capped Ram
79:56 Plate Barding Armor
Sanskari Ladka
10:03 Feudal Age
13:45 Castle Age
12:58 Double-Bit Axe
12:53 Horse Collar
13:51 Wheelbarrow
13:02 Loom
23:56 Loom
24:19 Heavy Plow
24:33 Bow Saw
28:50 Imperial Age
26:17 Stone Mining
26:17 Gold Mining
26:53 Scale Mail Armor
27:03 Forging
27:07 Fortified Wall
28:18 Gold Shaft Mining
28:04 Chain Mail Armor
29:11 Iron Casting
28:39 Squires
28:26 Gambesons
29:28 Hand Cart
28:58 Town Watch
29:13 Shield Wall
29:54 Elite Hearth Troop
31:18 Conscription
33:05 Plate Mail Armor
32:36 Padded Archer Armor
32:28 Fletching
33:01 Ballistics
34:29 Bodkin Arrow
35:37 Chemistry
35:18 Padded Archer Armor
35:19 Bracer
36:07 Arson
45:33 Caravan
53:00 Capped Ram
55:10 Siege Ram
56:34 Siege Engineers
67:38 Heavy Scorpion
71:03 Elite Varangian Guard
Frankie Fast Hands
10:46 Feudal Age
9:34 Loom
11:49 Double-Bit Axe
14:38 Castle Age
13:28 Horse Collar
16:24 Scale Mail Armor
23:50 Chain Mail Armor
30:39 Forging
33:38 Bow Saw
36:59 Squires
37:38 Gambesons
41:25 Iron Casting
44:44 Wheelbarrow
45:17 Fletching
47:59 Imperial Age
46:06 Stone Mining
46:09 Gold Mining
47:13 Thumb Ring
48:22 Elite Varangian Guard
49:48 Plate Mail Armor
50:18 Blast Furnace
49:24 Pikeman
50:29 Halberdier
51:21 Heavy Mounted Crossbowman
51:22 Cranequins
52:05 Bodkin Arrow
52:11 Padded Archer Armor
52:55 Town Watch
53:53 Ballistics
53:49 Bracer
54:05 Leather Archer Armor
55:41 Chemistry
59:54 Heavy Plow
61:12 Elite Skirmisher
68:35 Caravan
73:14 Ring Archer Armor
77:24 Hand Cart
AP
10:54 Feudal Age
9:45 Loom
13:15 Double-Bit Axe
15:33 Castle Age
14:43 Horse Collar
16:43 Bow Saw
27:08 Imperial Age
24:31 Fletching
25:53 Ballistics
25:44 Masonry
25:28 Crossbowman
26:04 Bodkin Arrow
26:10 Padded Archer Armor
26:13 Gold Mining
27:56 Bracer
30:41 Chemistry
29:44 Arbalester
32:59 Leather Archer Armor
33:27 Bogsveigar
33:52 Elite Skirmisher
36:39 Capped Ram
38:40 Two-Man Saw
38:28 Ring Archer Armor
38:39 Siege Ram
47:16 Hoardings
56:04 Caravan
58:33 Town Watch
59:20 Scale Mail Armor
59:30 Forging
65:53 Scale Barding Armor
69:13 Light Cavalry
70:15 Chain Barding Armor
73:08 Gold Shaft Mining
AL. EviL DeEdZ
10:03 Feudal Age
14:24 Castle Age
12:29 Double-Bit Axe
12:39 Horse Collar
15:23 Bow Saw
17:07 Padded Archer Armor
17:46 Wheelbarrow
23:24 Loom
24:08 Hand Cart
26:13 Heavy Plow
26:07 Gold Mining
26:08 Stone Mining
29:01 Imperial Age
27:19 Fletching
27:29 Padded Archer Armor
28:01 Bodkin Arrow
28:35 Ballistics
28:37 Elite Skirmisher
29:44 Leather Archer Armor
29:44 Fortified Wall
30:20 Gold Shaft Mining
30:20 Stone Shaft Mining
31:03 Chemistry
31:01 Bracer
31:31 Ring Archer Armor
31:27 Conscription
31:11 Grand Trunk Road
30:49 Heavy Camel Rider
31:40 Bloodlines
31:30 Husbandry
32:09 Scale Barding Armor
32:14 Forging
32:19 Crossbowman
33:31 Imperial Camel Rider
34:30 Loom
35:28 Chain Barding Armor
35:44 Iron Casting
35:44 Siege Engineers
36:50 Thumb Ring
36:07 Light Cavalry
39:07 Plate Barding Armor
39:32 Blast Furnace
37:58 Hussar
61:36 Caravan
69:33 Two-Man Saw
69:28 Scale Mail Armor
69:41 Masonry
Connection lost

Rejoining the realm…

Still unreachable

The connection could not be restored.

Session expired

The server has moved on; the page needs a fresh start.